 Dungeon Crawl Stone Soup version 0.18.1-8-gdd0e5ea (webtiles) character file.

45570 Scarto the Fighter (level 14, 0/102 HPs)
             Began as a Demonspawn Berserker on May 24, 2016.
             Was a High Priest of Trog.
             Slain by a ten-headed hydra (5 damage)
             ... on level 15 of the Dungeon.
             The game lasted 00:41:19 (14700 turns).

Scarto the Fighter (Demonspawn Berserker)          Turns: 14700, Time: 00:41:19

Health: 0/102      AC: 13    Str: 25    XL:     14   Next: 1%
Magic:  0/21       EV: 13    Int:  8    God:    Trog [*****.]
Gold:   925        SH: 10    Dex: 14    Spells: 0 memorised, 13 levels left

rFire  + . .     SeeInvis +     N - +7 hand axe "Viczayj" {drain, rPois}
rCold  . . .     Gourm    +     M - +0 scale mail of Winter {rPois MP+9 Str+3 SInv}
rNeg   . . .     Faith    .     a - +2 shield
rPois  +         Spirit   +     n - +2 hat
rElec  .         Dismiss  .     (no cloak)
rCorr  .         Reflect  .     (gloves unavailable)
SustAt .         Harm     .     l - +1 pair of boots
MR     +....     Clarity  +     x - amulet of the gourmand
Stlth  ..........               y - +5 ring of slaying
                                j - +3 ring of protection

@: exhausted, slowed, very slow, somewhat resistant to hostile enchantments,
extremely unstealthy
A: antennae 2, claws 3, hooves 2, berserk 1, blurry vision 2, clarity, deformed
body, deterioration 1, fire resistance 1, frail 1, low mp 1, sense surroundings
1, magic shield, magic regeneration
a: Berserk, Trog's Hand, Brothers in Arms, Burn Spellbooks, Renounce Religion


You were on level 15 of the Dungeon.
You worshipped Trog.
Trog was extremely pleased with you.
You were not hungry.

You visited 1 branch of the dungeon, and saw 15 of its levels.

You collected 1096 gold pieces.
You spent 171 gold pieces at shops.

Inventory:

Hand Weapons
 r - a +3 spear of freezing
 N - the +7 hand axe "Viczayj" (weapon) {drain, rPois}
   (You found it on level 10 of the Dungeon)

   A truly terrible weapon, it drains the life of those it strikes.
   It protects you from poison.
Missiles
 b - 7 tomahawks of returning
 B - 208 bolts
 E - 2 poisoned javelins (quivered)
 F - 7 tomahawks
Armour
 a - a +2 shield (worn)
 l - a +1 pair of boots (worn)
 n - a +2 hat (worn)
 H - a +0 plate armour
 I - the +2 pair of gloves of the Dwarven Hall {Regen+}
   (You acquired it on level 10 of the Dungeon)

   It increases your rate of regeneration.
 M - the +0 scale mail of Winter (worn) {rPois MP+9 Str+3 SInv}
   (You bought it in a shop on level 10 of the Dungeon)

   It affects your strength (+3).
   It protects you from poison.
   It affects your magic capacity (+9).
   It lets you see invisible.
Jewellery
 j - a +3 ring of protection (left claw)
 o - an uncursed ring of resist corrosion {unknown}
 p - an uncursed ring of poison resistance
 q - a +3 ring of evasion {unknown}
 x - an amulet of the gourmand (around neck)
 y - a +5 ring of slaying (right claw)
 K - a +1 ring of evasion {unknown}
Scrolls
 f - 3 scrolls of teleportation
 g - a scroll of fog
 h - a scroll of enchant weapon
 i - 4 scrolls of recharging
 k - 6 scrolls of remove curse
 z - 4 scrolls of identify
 J - 2 scrolls of magic mapping
 S - a scroll of blinking
Potions
 d - a potion of resistance
 e - 5 potions of flight
 m - 2 potions of lignification
 s - 2 potions of brilliance
 A - 3 potions of curing
 C - 3 potions of cancellation
 D - a potion of might
 G - a potion of degeneration {unknown}
Comestibles
 c - 9 slices of pizza
 t - 12 fruits
 u - 8 bread rations
 v - 5 meat rations


   Skills:
 + Level 11.7 Fighting
 + Level 9.1(11.4) Axes
   Level 5.1(7.8) Maces & Flails
 + Level 10.0(11.4) Polearms
 + Level 10.5 Armour
 + Level 10.4 Dodging


You had 13 spell levels left.
You didn't know any spells.

Dungeon Overview and Level Annotations

Branches:
Dungeon (15/15)            Temple (0/1) D:4            Lair (0/8) D:11
    Orc (0/2) D:9          Vaults (0/5) D:14         Depths (0/5) D:15

Altars:
Cheibriados
Dithmenos
Fedhas
Makhleb
Okawaru
Ru
Trog
Xom
The Shining One

Shops:
D:10 [[%[   D:15 %*}


Innate Abilities, Weirdness & Mutations

You have a pair of antennae on your head.
You have claws for hands.
You have hoof-like feet.
Your flesh is heat resistant.
When hurt, damage is shared between your health and your magic reserves.
You regenerate magic rapidly.
You tend to lose your temper in combat.
Scrolls take you longer to read.
You possess an exceptional clarity of mind.
Armour fits poorly on your strangely shaped body.
Your body sometimes deteriorates upon taking damage.
You are frail (-10% HP).
Your magical capacity is low (-10% MP).
You passively map a small area around you.


Message History

The ten-headed hydra closely misses you.
The ten-headed hydra bites you but does no damage.
The ten-headed hydra bites you!
* * * LOW HITPOINT WARNING * * *
The ten-headed hydra bites you.
* * * LOW HITPOINT WARNING * * *
The ten-headed hydra bites you!
* * * LOW HITPOINT WARNING * * *
The ten-headed hydra misses you.
There is an open door here.
Read which item? (? for menu, Esc to quit)
Really read with blurry vision while enemies are nearby? [Y]es or [N]o only, please.
Really read with blurry vision while enemies are nearby? [Y]es or [N]o only, please.
Really read with blurry vision while enemies are nearby? [Y]es or [N]o only, please.
Really read with blurry vision while enemies are nearby?
The ten-headed hydra barely misses you. The ten-headed hydra bites you!
You die...

##.#######.#.#
#..#.#.#.#.#.#.#.#
....)..∩.....#
#..#.#.#.#.#.#.#.#
##.#######.###
#.###.###.###.###. #.#
#<##.# ### ### ### ###
## #.####.##.#
#....#.##.# #.##.#.##.#
######.#
#####.#....######......#
....((..).......@D.....#
...(#############......#
....# #%.....# ....#
#......# ....# #......#
....# * #......# (...# ,
..!....# ....# ,.......#
....#


You could see a ten-headed hydra.

Vanquished Creatures
  Gastronok (D:8)
  Kirke (D:13)
  The ghost of eragonby the Protected, a journeyman DDNe of Makhleb (D:11)
  Josephine (D:12)
  Fannar (D:10)
  2 hydras
  The ghost of Statics the Carver, a journeyman DsFi of Ashenzari (D:10)
  The ghost of M4edhros the Martial Artist, a journeyman OpNe of Cheibriados (D:12)
  5 centaur warriors
  Erica (D:9)
  An ogre mage (D:14)
  2 tengu warriors
  Sonja (D:12)
  2 unseen horrors
  A skeletal warrior (D:14)
  9 hill giants
  Pikel (D:6)
  9 ugly things
  A griffon (D:13)
  3 deep elf magi
  A cyclops (D:15)
  A manticore (D:15)
  A salamander (shapeshifter) (D:14)
  A gargoyle (D:12)
  3 kobold demonologists
  3 yaktaurs (D:14)
  A komodo dragon (D:11)
  2 trolls
  A tengu conjurer (D:13)
  2 two-headed ogres
  A harpy skeleton (D:14)
  9 yaks
  2 wyverns
  2 water elementals (D:14)
  5 wraiths
  6 hogs (D:13)
  2 basilisks
  2 humans
  2 vampire mosquitoes (D:13)
  3 hungry ghosts
  A hippogriff (D:12)
  Menkaure (D:4)
  2 water moccasins
  A warg (D:9)
  2 phantoms
  A hornet simulacrum (D:15)
  An ice beast (D:12)
  2 sky beasts
  2 slaves (D:6)
  A wasp (D:7)
  A black bear (D:7)
  6 orc warriors
  10 ogres
  3 necrophages
  3 boggarts (D:15)
  18 centaurs
  6 big kobolds
  7 giant frogs
  A water moccasin skeleton (D:9)
  4 scorpions
  3 killer bees (D:10)
  6 wights
  7 howler monkeys
  9 crimson imps
  6 hounds
  A wasp zombie (D:10)
  4 centaur zombies
  4 jellies
  2 quasits
  6 centaur skeletons
  A giant frog skeleton (D:7)
  A giant frog zombie (D:9)
  7 orc priests
  10 orc wizards
  3 iguanas
  12 worker ants
  4 sheep (D:7)
  A hound zombie (D:9)
  A hound skeleton (D:8)
  A howler monkey zombie (D:8)
  A howler monkey skeleton (D:11)
  10 gnolls
  11 adders
  5 shadow imps
  An ooze (D:1)
  An adder zombie (D:6)
  2 worms
  2 adder skeletons
  3 dart slugs
  4 giant geckos
  35 orcs
  8 bats
  8 giant cockroaches
  11 hobgoblins
  14 jackals
  2 quokkas
  3 ball pythons
  7 giant newts
  9 goblins
  25 kobolds
  A quokka skeleton (D:6)
  15 rats
  2 fungi (D:11)
437 creatures vanquished.

Vanquished Creatures (collateral kills)
  2 wights (D:15)
2 creatures vanquished.

Vanquished Creatures (others)
  An unseen horror (D:15)
  3 plants
4 creatures vanquished.

Grand Total: 443 creatures vanquished

Notes
Turn   | Place    | Note
--------------------------------------------------------------
     0 | D:1      | Scarto the Demonspawn Berserker began the quest for the Orb.
     0 | D:1      | Reached XP level 1. HP: 18/18 MP: 1/1
    92 | D:1      | Gained mutation: You have sharp fingernails. [demonic ancestry]
    92 | D:1      | Reached XP level 2. HP: 8/24 MP: 2/2
   869 | D:1      | Reached ** piety under Trog
   927 | D:1      | Reached XP level 3. HP: 14/29 MP: 3/3
  1772 | D:2      | Gained mutation: You have a pair of small antennae on your head. [demonic ancestry]
  1772 | D:2      | Reached XP level 4. HP: 37/37 MP: 4/4
  1888 | D:2      | Found a snail-covered altar of Cheibriados.
  1979 | D:2      | Found a shadowy altar of Dithmenos.
  1979 | D:2      | Found a blossoming altar of Fedhas.
  1980 | D:2      | Found a bloodstained altar of Trog.
  2312 | D:3      | Reached *** piety under Trog
  2429 | D:3      | Reached skill level 4 in Fighting
  3055 | D:4      | Found a staircase to the Ecumenical Temple.
  3187 | D:4      | Found a burning altar of Makhleb.
  3214 | D:4      | Gained mutation: When hurt, damage is shared between your health and your magic reserves. [demonic ancestry]
  3214 | D:4      | Reached XP level 5. HP: 42/42 MP: 5/5
  3249 | D:4      | Noticed an ogre
  3258 | D:4      | Killed an ogre
  3261 | D:4      | HP: 3/64 [hound (1)]
  3262 | D:4      | Reached skill level 1 in Polearms
  3262 | D:4      | Reached XP level 6. HP: 3/49 MP: 1/6
  3685 | D:4      | Noticed Menkaure
  3691 | D:4      | Killed Menkaure
  3707 | D:4      | Found a burning altar of Makhleb.
  3833 | D:4      | Noticed a sky beast
  3852 | D:4      | Killed a sky beast
  3869 | D:5      | Entered Level 5 of the Dungeon
  4007 | D:5      | Gained mutation: You have large cloven feet. [demonic ancestry]
  4007 | D:5      | Reached XP level 7. HP: 49/55 MP: 5/7
  4140 | D:5      | Found a sacrificial altar of Ru.
  4205 | D:5      | Reached skill level 5 in Fighting
  4478 | D:6      | Gained mutation: You have a pair of antennae on your head. [demonic ancestry]
  4478 | D:6      | Reached XP level 8. HP: 63/63 MP: 6/8
  4484 | D:6      | Reached **** piety under Trog
  4550 | D:6      | Found an iron altar of Okawaru.
  4718 | D:6      | Noticed Pikel
  4729 | D:6      | Killed Pikel
  4729 | D:6      | Reached skill level 6 in Fighting
  4729 | D:6      | Reached skill level 5 in Axes
  4787 | D:6      | Reached skill level 5 in Armour
  4796 | D:7      | Found a glowing golden altar of the Shining One.
  4994 | D:7      | Reached skill level 5 in Dodging
  5004 | D:7      | Got a faintly humming leather armour
  5015 | D:7      | Identified the cursed +0 leather armour of the Orb {rF- rC++ Dex+2 SInv} (You found it on level 7 of the Dungeon)
  5128 | D:7      | Gained mutation: You have very sharp fingernails. [demonic ancestry]
  5128 | D:7      | Reached XP level 9. HP: 70/70 MP: 9/9
  5863 | D:8      | Received a gift from Trog
  6326 | D:8      | Reached skill level 1 in Maces & Flails
  6409 | D:8      | Noticed Gastronok
  6455 | D:8      | Killed Gastronok
  6455 | D:8      | Reached skill level 7 in Fighting
  6455 | D:8      | Reached skill level 5 in Polearms
  6455 | D:8      | Gained mutation: Your flesh is heat resistant. [demonic ancestry]
  6455 | D:8      | Reached XP level 10. HP: 76/79 MP: 2/10
  7011 | D:9      | Reached skill level 8 in Fighting
  7085 | D:9      | Noticed Erica
  7101 | D:9      | Killed Erica
  7104 | D:9      | Found a staircase to the Orcish Mines.
  7406 | D:9      | Found a shimmering altar of Xom.
  7921 | D:10     | Entered Level 10 of the Dungeon
  7962 | D:10     | Identified a scroll of acquirement
  7963 | D:10     | Got a pair of bloodstained gloves
  7969 | D:10     | Identified the +2 pair of gloves of the Dwarven Hall {Regen+} (You acquired it on level 10 of the Dungeon)
  8023 | D:10     | Found Xoagov's Food Boutique.
  8031 | D:10     | Noticed a hill giant
  8039 | D:10     | Killed a hill giant
  8074 | D:10     | Found Gyrutim's Armour Boutique.
  8202 | D:10     | Found Dupoany's Antique Armour Boutique.
  8223 | D:10     | Gained mutation: You have claws for hands. [demonic ancestry]
  8223 | D:10     | Reached XP level 11. HP: 87/87 MP: 11/11
  8283 | D:10     | Noticed a hill giant
  8295 | D:10     | Killed a hill giant
  8457 | D:10     | Noticed Statics's ghost (journeyman DsFi)
  8471 | D:10     | Killed Statics's ghost
  8517 | D:10     | Noticed Fannar
  8529 | D:10     | Killed Fannar
  8529 | D:10     | Reached skill level 9 in Fighting
  8529 | D:10     | Reached skill level 5 in Maces & Flails
  8565 | D:10     | Found Loddebup's Antique Armour Boutique.
  8567 | D:10     | Bought a jewelled scale mail for 171 gold pieces
  8577 | D:10     | Identified the cursed +0 scale mail of Winter {rPois MP+9 Str+3 SInv} (You bought it in a shop on level 10 of the Dungeon)
  8585 | D:10     | Got a warped hand axe
  8586 | D:10     | Identified the +7 hand axe "Viczayj" {drain, rPois} (You found it on level 10 of the Dungeon)
  8796 | D:11     | Found a burning altar of Makhleb.
  8901 | D:11     | Noticed eragonby's ghost (journeyman DDNe)
  8918 | D:11     | Killed eragonby's ghost
  8990 | D:11     | Noticed a hill giant
  9000 | D:11     | Killed a hill giant
  9710 | D:11     | Found a staircase to the Lair.
  9725 | D:11     | Reached ***** piety under Trog
  9924 | D:12     | Noticed a brown ugly thing
  9971 | D:12     | Killed a brown ugly thing
 10016 | D:12     | Gained mutation: You are agile. (Dex +2) [mutagenic meat]
 10017 | D:12     | Gained mutation: You are frail (-10% HP). [mutagenic meat]
 10018 | D:12     | Gained mutation: You passively map a small area around you. [mutagenic meat]
 10019 | D:12     | Lost mutation: You are agile. (Dex +2) [mutagenic meat]
 10205 | D:12     | Noticed a six-headed hydra
 10425 | D:12     | Killed a ten-headed hydra
 10425 | D:12     | Gained mutation: You regenerate magic rapidly. [demonic ancestry]
 10425 | D:12     | Reached XP level 12. HP: 73/87 MP: 12/12
 10734 | D:12     | Noticed Sonja
 10752 | D:12     | Killed Sonja
 10820 | D:12     | Noticed Josephine
 10829 | D:12     | Reached skill level 10 in Fighting
 10834 | D:12     | Killed Josephine
 11142 | D:12     | Noticed M4edhros's ghost (journeyman OpNe)
 11158 | D:12     | Killed M4edhros's ghost
 11465 | D:13     | Noticed a centaur warrior
 11484 | D:13     | Killed a centaur warrior
 11921 | D:13     | Noticed Kirke
 11932 | D:13     | Killed Kirke
 12202 | D:13     | Noticed a tengu warrior
 12215 | D:13     | Killed a tengu warrior
 12550 | D:14     | Reached XP level 13. HP: 93/93 MP: 13/13
 12776 | D:14     | Found a gate to the Vaults.
 12801 | D:14     | Received a gift from Trog
 13344 | D:14     | Reached skill level 11 in Fighting
 13363 | D:14     | Gained mutation: Your magical capacity is low (-10% MP). [mutagenic meat]
 13364 | D:14     | Gained mutation: You are agile. (Dex +2) [mutagenic meat]
 13365 | D:14     | Lost mutation: You are agile. (Dex +2) [mutagenic meat]
 13487 | D:14     | Reached skill level 10 in Armour
 13520 | D:14     | Gained mutation: You tend to lose your temper in combat. [mutagenic meat]
 13524 | D:14     | Gained mutation: You possess an exceptional clarity of mind. [mutagenic meat]
 13525 | D:14     | Gained mutation: Scrolls take you a little longer to read. [mutagenic meat]
 13807 | D:14     | Reached skill level 10 in Dodging
 13847 | D:15     | Entered Level 15 of the Dungeon
 13886 | D:15     | Found Zorez's Food Shoppe.
 13897 | D:15     | Found Kulays's Assorted Antiques.
 14189 | D:15     | Found Yxuhu's Gadget Shoppe.
 14229 | D:15     | Received a gift from Trog
 14597 | D:15     | Reached skill level 10 in Polearms
 14612 | D:15     | Gained mutation: You have hoof-like feet. [demonic ancestry]
 14612 | D:15     | Reached XP level 14. HP: 41/102 MP: 11/12
 14621 | D:15     | Gained mutation: Your body sometimes deteriorates upon taking damage. [mutagenic meat]
 14624 | D:15     | Gained mutation: Scrolls take you longer to read. [mutagenic meat]
 14625 | D:15     | Gained mutation: Armour fits poorly on your strangely shaped body. [mutagenic meat]
 14698 | D:15     | HP: 4/102 [ten-headed hydra (6)]
 14700 | D:15     | Slain by a ten-headed hydra

Skill      XL: |  1  2  3  4  5  6  7  8  9 10 11 12 13 |
---------------+----------------------------------------+-----
Armour         | 2 3 4 5 6 7 8 9 10 | 10.5
Dodging        | 2 3 4 5 6 7 8 9 10 | 10.4
Axes           | 3 4 5 6 7 9 |  9.1
Fighting       | 4 5 6 7 8 9 10 11 | 11.7
Polearms       | 1 2 3 4 5 6 7 8 10 | 10.0
Maces & Flails | 2 4 5 |  5.1

Action                   |  1- 3 |  4- 6 |  7- 9 | 10-12 | 13-15 || total
-------------------------+-------+-------+-------+-------+-------++-------
Melee: Hand axe          |   126 |   123 |       |   368 |   290 ||   907
       Spear             |       |    61 |   260 |   322 |       ||   643
       Kick              |       |       |    41 |       |       ||    41
Throw: Javelin           |       |       |     3 |     1 |       ||     4
Invok: Berserk           |     1 |     2 |     7 |    17 |     8 ||    35
       Trog's Hand       |       |     2 |     5 |    12 |     5 ||    24
       Burn Spellbooks   |       |       |     2 |     1 |     3 ||     6
       Brothers in Arms  |       |       |       |       |     1 ||     1
  Use: Scroll            |       |    11 |     9 |     8 |     7 ||    35
       Potion            |       |       |     2 |     2 |     3 ||     7
 Stab: Distracted        |       |       |       |       |     1 ||     1
  Eat: Chunk             |     1 |     3 |    18 |    61 |    22 ||   105
       Bread ration      |     1 |     1 |       |       |     1 ||     3
       Beef jerky        |       |     2 |       |     4 |       ||     6
       Pizza             |       |     1 |       |       |       ||     1
Armor: Animal skin       |    19 |       |       |       |       ||    19
       Ring mail         |    17 |    81 |    56 |    39 |       ||   193
       Scale mail        |       |       |       |   229 |   103 ||   332
Dodge: Dodged            |   101 |   133 |   101 |   287 |   128 ||   750
Block: Shield            |       |       |    41 |   320 |   138 ||   499
